 Dungeon Crawl Stone Soup version 0.30.1-4-g462c640d31 (webtiles) character file.

Game seed: 16108564157471379957

111 booth the Trooper (level 4, 0/37 HPs)
             Began as a Demonspawn Fighter on Aug 25, 2023.
             Succumbed to Crazy Yiuf's poison
             ... on level 2 of the Dungeon.
             The game lasted 00:08:24 (1989 turns).

booth the Trooper (Demonspawn Fighter)              Turns: 1989, Time: 00:08:24

Health: 0/37       AC:  6    Str: 18    XL:     4   Next: 62%
Magic:  4/4        EV:  9    Int:  9    God:
Gold:   51         SH:  4    Dex: 13    Spells: 3/3 levels left

rFire   . . .        a - +0 war axe (venom)
rCold   . . .        c - +0 buckler
rNeg    . . .        b - +0 scale mail
rPois   .            (no helmet)
rElec   .            (no cloak)
rCorr   .            (no gloves)
SInv    .            (no boots)
Will    +....        (no amulet) Stlth
                     h - ring of willpower
HPRegen 0.26/turn    (no ring)
MPRegen 0.09/turn

%: no passive effects
@: lethally poisoned (0 -> -2), hasted, very quick
A: claws 1
a: no special abilities


You were on level 2 of the Dungeon.
You visited 1 branch of the dungeon, and saw 2 of its levels.

You collected 51 gold pieces.

Inventory:

Hand Weapons
 a - a +0 war axe of venom (weapon)
Missiles
 i - 3 poisoned darts (quivered)
Armour
 b - a +0 scale mail (worn)
 c - a +0 buckler (worn)
Jewellery
 h - a ring of willpower (left claw)
Scrolls
 e - a scroll of poison {unknown}
 g - a scroll of enchant weapon {unknown}
Potions
 d - 3 potions of might
 f - a potion of haste
 j - a potion of flight {unknown}
 l - 2 potions of heal wounds {unknown}


   Skills:
 + Level 3.6 Fighting
 * Level 2.9 Axes
 + Level 3.3 Armour
 + Level 3.2 Shields


You had 3 spell levels left.
You didn't know any spells.
Your spell library contained the following spells:

 Spells                   Type           Power      Damage    Failure   Level
 Hailstorm                Conj/Ice       0%         3d3       99%         3
 Ice Form                 Ice/Tmut       0%         N/A       100%        4
 Simulacrum               Ice/Necr       0%         N/A       100%        6


Dungeon Overview and Level Annotations

Branches:
Dungeon (2/15)

Altars:


Innate Abilities, Weirdness & Mutations

You have sharp fingernails.


Message History

You hit the hobgoblin.
The hobgoblin is poisoned.
The hobgoblin is almost dead.
You kill the hobgoblin!
Things that are here:
a +0 short sword; a hobgoblin corpse
Things that are here:
a +0 short sword; a hobgoblin corpse
There is a stone staircase leading up here.
You see here a +0 club.
Things that are here:
a +0 club; a +0 club You open the door.
You hit Crazy Yiuf.
Crazy Yiuf is poisoned.
Crazy Yiuf is lightly wounded.
You block Crazy Yiuf's attack.
Crazy Yiuf says, "Dawk!
Fire down snockshim."
Crazy Yiuf hits you with a +2 quarterstaff of chaos!
You convulse!
* * * LOW HITPOINT WARNING * * *
You feel better.
Crazy Yiuf hits you with a +2 quarterstaff of chaos.
Crazy Yiuf burns you.
You hit Crazy Yiuf.
Crazy Yiuf looks as sick as possible!
Crazy Yiuf is severely wounded.
Crazy Yiuf hits you with a +2 quarterstaff of chaos!
* * * LOW HITPOINT WARNING * * *
You are lethally poisoned!
As you read the scroll of summoning, it crumbles to dust.
Wisps of shadow whirl around you...
* * * LOW HITPOINT WARNING * * *
You feel sick. You block Crazy Yiuf's attack.
You swap places.
* * * LOW HITPOINT WARNING * * *
You feel sick.
You kill Crazy Yiuf!
You swap places.
* * * LOW HITPOINT WARNING * * *
You feel sick.
It was a potion of haste.
You feel yourself speed up.
You die...

##### #)..#
#...# ... #####
#)# #...# ♣g♣♣
#.#.# ♣♣S♣
#.#.# ♣@♣♣
#####.#.# ♣♣.♣
#.....#.# ♣♣.♣♣
#######.# #
♣♣...♣ #.# #
♣....♣ #.# #
#....# #.# #
######## #....#
#.#####
#......###...##
#.##...
#.######.....#
#.##.##


You could see a friendly adder (summoned) and a friendly hobgoblin (summoned).

Vanquished Creatures
  Crazy Yiuf (D:2)
  Robin (D:2)
  3 adders (D:2)
  3 ball pythons (D:2)
  2 endoplasms (D:2)
  A giant cockroach (D:1)
  9 goblins
  6 hobgoblins
  2 jackals (D:2)
  2 quokkas
  5 bats
  3 frilled lizards
  3 rats (D:1)
41 creatures vanquished.

Notes
Turn   | Place    | Note
-------+----------+-------------------------------------------
     0 | D:1      | booth the Demonspawn Fighter began the quest for the Orb.
     0 | D:1      | Reached XP level 1. HP: 18/18 MP: 1/1
   245 | D:1      | Gained mutation: You have sharp fingernails. [demonic
                  | ancestry]
   245 | D:1      | Reached XP level 2. HP: 24/24 MP: 2/2
  1123 | D:2      | Found a faded altar of an unknown god.
  1315 | D:2      | Reached XP level 3. HP: 28/29 MP: 3/3
  1416 | D:2      | Found a runed translucent door.
  1417 | D:2      | Noticed Crazy Yiuf
  1567 | D:2      | Noticed Robin
  1680 | D:2      | Killed Robin
  1681 | D:2      | Reached XP level 4. HP: 29/35 MP: 4/4
  1987 | D:2      | HP: 1/35 [poisoned by Crazy Yiuf]
  1987 | D:2      | Killed Crazy Yiuf
  1989 | D:2      | Succumbed to Crazy Yiuf's poison

Illustrated notes

Levels and vault maps discovered:
D:1:      minmay_arrival_stair_chambers, layout_basic, minmay_fountain_box,
          chequers_serial_rivers_large_a
D:2:      layout_loops_ring, ebering_ecumenical_altar_sacrificial, uniq_robin,
          uniq_crazy_yiuf_cottage

Skill      XL: |  1  2 |
---------------+-------+-----
Axes           | 2 |  2.9
Armour         | 3 |  3.3
Shields        | 3 |  3.2
Fighting       | |  3.6

Action                     |  1- 3 |  4- 6 || total
---------------------------+-------+-------++-------
  Melee: War axe           |   106 |    14 ||   120
    Use: Scroll            |     5 |     1 ||     6
         Potion            |     1 |     2 ||     3
 Armour: Scale mail        |    66 |     3 ||    69
  Dodge: Dodged            |    43 |     8 ||    51
  Block: Buckler           |    25 |     5 ||    30
